 Dungeon Crawl Stone Soup version 0.28-a0-1143-gcf6077d4cc (webtiles) character file.

Game seed: 616336653019569603

30 SensoryNuts the Slasher (level 3, 0/27 HPs)
             Began as a Demonspawn Gladiator on Dec 13, 2021.
             Slain by an adder (1 damage)
             ... on level 3 of the Dungeon.
             The game lasted 00:01:51 (1528 turns).

SensoryNuts the Slasher (Demonspawn Gladiator)      Turns: 1528, Time: 00:01:53

Health: 0/27       AC:  4    Str: 16    XL:     3   Next: 5%
Magic:  3/3        EV: 12    Int:  9    God:
Gold:   93         SH:  0    Dex: 14    Spells: 2/2 levels left

rFire   . . .      SeeInvis .   a - +0 long sword
rCold   . . .      Faith    .   (no shield)
rNeg    . . .      Spirit   .   b - +0 leather armour
rPois   .          Reflect  .   c - +0 helmet
rElec   .          Harm     .   (no cloak)
rCorr   .          Rampage  .   (no gloves)
Will    .....                   (no boots)
Stlth   +.........              (no amulet)
HPRegen 0.09/turn               (no ring)
MPRegen 0.08/turn               (no ring)

@: no status effects
A: ignite blood 1
a: no special abilities


You were on level 3 of the Dungeon.
You visited 1 branch of the dungeon, and saw 3 of its levels.

You collected 93 gold pieces.

Inventory:

Hand Weapons
 a - a +0 long sword (weapon)
Missiles
 d - 3 throwing nets (quivered)
Armour
 b - a +0 leather armour (worn)
 c - a +0 helmet (worn)
Jewellery
 h - a +4 ring of protection
Scrolls
 e - a scroll of teleportation {unknown}
 f - a scroll of amnesia {unknown}
 g - a scroll of enchant weapon {unknown}
 i - a scroll of silence {unknown}
 j - a scroll of enchant armour {unknown}


   Skills:
 + Level 2.3 Fighting
 + Level 3.1 Long Blades
 + Level 1.7 Throwing
 + Level 0.5 Armour
 + Level 3.0 Dodging
 + Level 0.4 Stealth


You had 2 spell levels left.
You didn't know any spells.
Your spell library was empty.

Dungeon Overview and Level Annotations

Branches:
Dungeon (3/15)

Altars:


Innate Abilities, Weirdness & Mutations

Your demonic aura sometimes causes spilled blood to erupt in flames.


Message History

You barely miss the adder.
The adder is almost dead.
You feel sick. The adder bites you. The adder closely misses you.
You miss the adder.
The adder is almost dead.
You feel sick. The adder closely misses you.
You closely miss the adder.
The adder is almost dead.
You feel sick.
You are no longer poisoned.
The adder closely misses you. The adder misses you.
You closely miss the adder.
The adder is almost dead.
The adder barely misses you. The adder bites you.
* * * LOW HITPOINT WARNING * * *
You are poisoned.
The adder poisons you!
You closely miss the adder.
The adder is almost dead.
* * * LOW HITPOINT WARNING * * *
You feel sick. The adder closely misses you.
You miss the adder.
The adder is almost dead.
You feel sick. The adder closely misses you. x2
A giant cockroach comes into view.
You barely miss the adder.
The adder is almost dead.
You feel sick. The adder bites you.
* * * LOW HITPOINT WARNING * * *
Unknown command.
You aren't carrying any potions.
You aren't carrying any potions.
Okay, then.
You barely miss the adder.
The adder is almost dead.
* * * LOW HITPOINT WARNING * * *
You feel sick.
You are no longer poisoned.
The adder bites you.
You die...

#...# #.B.#
#...# #...#
+...+ #...#
#...# ##.@S###
##..###.###
##.#####.#.#
#..).......#
#..#####...#
.....#####...#
...<...........#
##.##.#####....#
#. #. #.#.##


You could see an adder and a giant cockroach.

Vanquished Creatures
  A worm (D:2)
  A dart slug (D:1)
  3 bats (D:1)
  An endoplasm (D:3)
  3 giant cockroaches
  A goblin (D:2)
  A hobgoblin (D:3)
  2 jackals (D:2)
  2 kobolds
  A quokka (D:2)
  3 ball pythons
  4 frilled lizards
  2 rats (D:1)
25 creatures vanquished.

Notes
Turn   | Place    | Note
-------+----------+-------------------------------------------
     0 | D:1      | SensoryNuts the Demonspawn Gladiator began the quest for
                  | the Orb.
     0 | D:1      | Reached XP level 1. HP: 16/16 MP: 1/1
   505 | D:1      | Gained mutation: Your demonic aura sometimes causes spilled
                  | blood to erupt in flames. [demonic ancestry]
   505 | D:1      | Reached XP level 2. HP: 22/22 MP: 2/2
  1376 | D:3      | Found a faded altar of an unknown god.
  1398 | D:3      | Reached XP level 3. HP: 27/27 MP: 3/3
  1528 | D:3      | HP: 1/27 [poisoned by an adder]
  1528 | D:3      | Slain by an adder

Illustrated notes

Levels and vault maps discovered:
D:1:      minmay_arrival_loop, layout_loops_ring
D:2:      layout_rooms
D:3:      kennysheep_six_static_rooms, layout_loops_ring,
          nicolae_ru_great_annihilating_truth, chequers_ecumenical_altar_island

Skill      XL: |  1  2 |
---------------+-------+-----
Long Blades    | 3 |  3.1
Dodging        | 3 |  3.0
Fighting       | |  2.3
Throwing       | |  1.7
Armour         | |  0.5
Stealth        | |  0.4

Action                   || total
-------------------------++-------
Melee: Long sword        ||    90
 Stab: Sleeping          ||     2
Armor: Leather armour    ||    32
Dodge: Dodged            ||    69

Table legend: (Time is in decaauts)
 A = Elapsed time spent in this place.
 B = Non-inter-level travel time spent in this place.
 C = Inter-level travel time spent in this place.
 D = Time resting spent in this place.
 E = Time spent auto-exploring this place.
 F = Levels seen in this place.
 G = Mean time per level.
                   A        B        C        D        E       F      G
               +--------+--------+--------+--------+--------+-----+--------+
         Total |   1550 |   1550 |      0 |      0 |   1205 |   3 |  516.7 |
       Dungeon |   1550 |   1550 |      0 |      0 |   1205 |   3 |  516.7 |
               +--------+--------+--------+--------+--------+-----+--------+

Top non-repeatable levels by time:
     D:1: 843 daAuts
     D:2: 517 daAuts
     D:3: 189 daAuts
